Unix NetHack Version 3.7.0-102 Work-in-progress - last build Apr 7 2024 00:22:53 (d302a6a9ff6341f1a922d8f5af178406b35fdf99,branch:master). Game began 2024-04-15 01:13:12, ended 2024-04-15 02:03:36. Merlek, neutral male human Priest ------- |.....| ----------- |.|.|.----- |.........|.. |.| |.|.|...M.| |.......*.|%-----.|----.|.---@| |....<....-.......|[....|.|...| |.........|------.---.--| .--- |.........| |...|.*.| ----------- --...|.|.| ^....|.|.| .---...| |.| |.......| |.| ..{%-------.| ...[*.......| ------------ Merlek the Adept St:3 Dx:15 Co:18 In:10 Wi:18 Ch:7 Neutral Dlvl:11 $:1300 HP:0(80) Pw:102(102) AC:-8 Xp:8/2517 T:4490 Burdened Latest messages: The snake bites! You hit the snake! The snake bites! You kill the snake! You see here an uncursed mummy wrapping. You step onto a polymorph trap! You feel momentarily different. # You see here an uncursed purple spellbook. A - an uncursed purple spellbook. What do you want to read? [m-otwAEMN or ?*] The book was coated with contact poison! Your movements are slowed slightly because of your load. The ettin mummy hits! The ettin mummy hits again! The ettin mummy hits! The ettin mummy knocks you back with a powerful strike! Ouch! The ettin mummy hits again! The ettin mummy hits! The ettin mummy hits again! The ettin mummy knocks you back with a powerful blow! Ouch! You stagger... The ettin mummy hits! The ettin mummy hits again! The ettin mummy knocks you back with a powerful strike! Ouch! You feel a bit steadier now. The ettin mummy hits! The ettin mummy hits again! The ettin mummy hits! The ettin mummy hits again! The ettin mummy misses! The ettin mummy misses! The ettin mummy hits! The ettin mummy hits again! The ettin mummy just misses! The ettin mummy hits! The ettin mummy knocks you back with a forceful strike! Ouch! The ettin mummy hits! The ettin mummy hits again! The ettin mummy misses! The ettin mummy hits! The ettin mummy hits! The ettin mummy hits again! The ettin mummy hits! You die... Do you want your possessions identified? [ynq] (n) Inventory: Coins $ - 1300 gold pieces Weapons v - 2 blessed +0 darts g - an uncursed +1 dart S - 4 uncursed +0 darts (at the ready) i - an uncursed poisoned +0 dart K - an uncursed +0 aklys a - a blessed +4 mace (weapon in right hand) Armor R - an uncursed greased +0 dwarvish iron helm (being worn) z - an uncursed greased +0 pair of jumping boots (being worn) c - an uncursed greased +0 small shield (being worn) b - an uncursed greased +0 robe (being worn) F - an uncursed +1 Hawaiian shirt with a tropical fish motif (being worn) V - a blessed greased +2 gray dragon scale mail (being worn) Comestibles Z - an uncursed potatoe e - an uncursed clove of garlic G - an uncursed orange f - an uncursed sprig of wolfsbane s - an uncursed tripe ration C - an uncursed lizard corpse Scrolls n - an uncursed scroll of destroy armor t - an uncursed scroll of gold detection m - an uncursed scroll of light o - a cursed scroll of light M - an uncursed scroll of magic mapping N - an uncursed scroll of remove curse w - a cursed scroll of scare monster E - an uncursed scroll of teleportation Spellbooks A - an uncursed spellbook of create familiar Potions B - an uncursed potion of full healing D - an uncursed potion of gain energy T - an uncursed potion of oil Rings d - an uncursed +1 ring of adornment L - a cursed ring of polymorph Wands q - an uncursed wand of cancellation (0:6) H - an uncursed wand of cancellation (0:5) J - an uncursed wand of fire (0:6) U - an uncursed wand of lightning (0:4) X - an uncursed wand of magic missile (0:5) p - an uncursed wand of make invisible (0:6) Q - an uncursed wand of polymorph (0:7) h - an uncursed wand of speed monster (0:5) P - a blessed wand of striking (0:8) Y - an uncursed wand of striking (0:6) Tools u - an uncursed bag of tricks (0:6) j - an uncursed bugle O - an uncursed leather drum y - an uncursed can of grease (0:5) W - an uncursed magic marker (0:38) l - a blessed oil lamp (lit) x - an uncursed +0 pick-axe k - an uncursed skeleton key named tele I - an uncursed tin whistle Gems/Stones r - an uncursed fluorite stone Merlek the Priest's attributes: Background: You were an Adept, a level 8 human Priest. You were neutral, nominally on a mission for Camaxtli who was opposed by Quetzalcoatl (lawful) and Huhetotl (chaotic). You were right-handed. You were in the Gnomish Mines, on level 11. You entered the dungeon 4490 turns ago. It was nighttime. You had 2517 experience points, 43 more were needed to attain level 9. Basics: You had 0 out of 80 hit points. You had all 102 energy points (spell power). Your armor class was -8. Your wallet contained 1300 zorkmids. Autopickup was on for '$=?"/!%' plus thrown, with exceptions. Final Characteristics: Your strength was 3 (peak:11, limit:18/100). Your dexterity was 15 (limit:18). Your constitution was 18 (limit:18). Your intelligence was 10 (limit:18). Your wisdom was 18 (limit:18). Your charisma was 7 (limit:18). Final Status: You weren't hungry. You were burdened; movement was slightly slowed. You were wielding a mace. You had expert skill with mace. Final Attributes: You were piously aligned. You were magic-protected. You were telepathic. You could jump. You were guarded. You are dead. Miscellaneous: You never encountered a bones level. Total elapsed playing time was 50 minutes and 24 seconds. Major events: Turn 1: Merlek the neutral human Priest entered the dungeon 717: entered the Gnomish Mines 989: attained the rank of Acolyte (level 3) 1862: reached Mine Town 1919: attained the rank of Adept (level 6) 1976: made his first wish - "blessed greased fixed +2 gray dragon scale mail", got "a blessed greased gray dragon scale mail" 4490: killed by an ettin mummy, while moving through the air Vanquished creatures: a vampire leader a quantum mechanic a tengu a python an amorous demon 3 wolves a leprechaun 3 giant spiders a scorpion a gnome ruler an orc mummy a dwarf mummy an owlbear a lizard a dwarf leader a dust vortex 2 snakes a human zombie 10 Uruk-hai a pony 2 yellow lights 11 gnome leaders 3 gnomish wizards a kobold mummy a paper golem 2 floating eyes 14 dwarves a homunculus a kobold leader a giant bat a monkey 2 orc zombies 2 iguanas an acid blob 4 coyotes a hobgoblin a giant rat a yellow mold 55 gnomes 4 garter snakes 4 geckos 4 jackals a fox a kobold a goblin 5 sewer rats 3 grid bugs a lichen a kobold zombie 4 newts 168 creatures vanquished. No species were genocided or became extinct. Voluntary challenges: You were an atheist. You read items or engraved 7 times. You never engraved Elbereth. You never had a pet. You never genocided any monsters. You never polymorphed an object. You never changed form. You used 1 wish. You did not wish for any artifacts. Achievements: You entered a shop. You entered the Gnomish Mines. You attained the rank of Acolyte. You entered Minetown. You entered a temple. You attained the rank of Adept. The Dungeons of Doom: levels 1 to 5 Level 1: An altar, some fountains. Level 2: Level 3: "2x nonid boots 75 grease 30" Stairs down to The Gnomish Mines. Level 4: A fountain. Level 5: The Gnomish Mines: levels 4 to 11 Level 4: Level 5: Level 6: A temple and an altar, some fountains. Level 7: Level 8: Level 9: "holy water" Level 10: Level 11: "wrapping" <- You were here. A fountain. Final resting place for you, killed by an ettin mummy, while moving through the air. Game over: ---------- / \ / REST \ / IN \ / PEACE \ / \ | Merlek | | 1300 Au | | killed by an | | ettin mummy | | | | | | 2024 | *| * * * | * _________)/\\_//(\/(/\)/\//\/|_)_______ Goodbye Merlek the Priest... You died in The Gnomish Mines on dungeon level 11 with 11758 points, and 1300 pieces of gold, after 4490 moves. You were level 8 with a maximum of 80 hit points when you died.